 Dungeon Crawl Stone Soup version 0.31.0-11-ge490571c62 (webtiles) character file.

Game seed: 10988705929372955411

371 qw the Ducker (level 6, -3/30 HPs)
             Began as a Spriggan Hunter on Feb 4, 2024.
             Was an Initiate of Okawaru.
             Killed by divine providence
             ... invoked by an orc priest
              (11 damage)
             ... on level 5 of the Dungeon.
             The game lasted 00:00:08 (1857 turns).

qw the Ducker (Spriggan Hunter)                     Turns: 1857, Time: 00:00:08

Health: -3/30      AC:  4    Str:  7    XL:     6   Next: 42%
Magic:  7/7        EV: 22    Int: 10    God:    Okawaru [......]
Gold:   100        SH:  0    Dex: 21    Spells: 5/5 levels left

rFire   . . .        a - +1 shortbow
rCold   . . .        (shield currently unavailable)
rNeg    . . .        c - +0 robe
rPois   .            (helmet restricted)
rElec   .            e - +1 cloak
rCorr   .            (gloves unavailable)
SInv    +            (boots unavailable)
Will    +....        (no amulet)
Stlth   ++           (no ring)
HPRegen 0.25/turn    (no ring)
MPRegen 0.10/turn

%: no passive effects
@: very quick
A: very small, no large weapons, unfitting armour, see invisible, speed 3
a: Renounce Religion


You were on level 5 of the Dungeon.
You worshipped Okawaru.
Okawaru was noncommittal.
You visited 2 branches of the dungeon, and saw 6 of its levels.

You collected 100 gold pieces.


Innate Abilities, Weirdness & Mutations

You are very small and have problems with some larger weapons.
You are too small for most types of armour.
You have supernaturally acute eyesight. (SInv)
You cover ground extremely quickly. (Speed+++)


   Skills:
 - Level 2.0 Fighting
 + Level 6.1 Ranged Weapons
 - Level 6.3 Dodging
 - Level 1.5 Stealth


You had 5 spell levels left.
You didn't know any spells.
Your spell library was empty.

Inventory:

Hand Weapons
 a - a +1 shortbow (weapon)
Armour
 c - a +0 robe (worn)
 e - a +1 cloak (worn)
Scrolls
 b - a scroll of teleportation
Potions
 f - a potion of curing
 g - a potion of heal wounds
 h - a potion of lignification {unknown}

Dungeon Overview and Level Annotations

Branches:
Dungeon (6/15)             Temple (1/1) D:6

Altars:
Ashenzari
Cheibriados
Elyvilon
Kikubaaqudgha
Nemelex Xobeh
Okawaru
Qazlal
Ru
Uskayaw
Vehumet
Xom
Yredelemnul
The Shining One

Shops:
D:2 (

Annotations:
D:3 1 runed translucent door


Message History

The hound misses you. The phantom misses you. The hound closely misses you.
You shoot an arrow. The arrow hits the hound.
The hound is almost dead.
The hound closely misses you. The phantom hits you.
You shoot an arrow. The arrow hits the hound!
You kill the hound!
Okawaru accepts your kill. The phantom misses you.
1848 ||| RETREEEEATING.
The phantom completely misses you.
You shoot an arrow. The arrow misses the phantom.
The phantom closely misses you.
You shoot an arrow. The arrow hits the phantom.
The phantom is lightly damaged.
The phantom hits you.
The phantom blinks!
You blink.
1851 ||| RETREEEEATING.
The phantom hits you.
You shoot an arrow. The arrow hits the phantom.
The phantom is moderately damaged.
The phantom misses you.
You shoot an arrow.
The arrow hits the phantom but does no damage.
The phantom is moderately damaged.
The orc priest invokes the aid of Beogh against you.
Beogh smites you! The phantom misses you.
You shoot an arrow. The arrow barely misses the phantom.
The phantom hits you.
You shoot an arrow.
The arrow hits the phantom but does no damage.
The phantom is moderately damaged.
The phantom closely misses you.
You shoot an arrow. The arrow hits the phantom.
The phantom is moderately damaged.
The phantom hits you but does no damage.
You shoot an arrow.
The arrow completely misses the phantom.
The phantom barely misses you.
The orc priest invokes the aid of Beogh against you.
Beogh smites you!
You die...

########+#
.......@>#
.....###W#
###


oo# ..o# ..... ...... ........ ......... You could see a phantom, an orc priest
and an orc.

Vanquished Creatures
  An ogre (D:6)
  2 bullfrogs (D:6)
  A hound (D:5)
  A sleepcap (D:6)
  Terence (D:2)
  An adder (D:2)
  A dart slug (D:1)
  A ribbon worm (D:2)
  9 ball pythons
  5 endoplasms
  A giant cockroach (D:1)
  5 goblins
  2 hobgoblins
  5 jackals
  3 quokkas (D:2)
  11 bats
  2 frilled lizards (D:1)
  5 kobolds
  7 rats
64 creatures vanquished.

Notes
Turn   | Place    | Note
-------+----------+-------------------------------------------
     0 | D:1      | qw the Spriggan Hunter began the quest for the Orb.
     0 | D:1      | Reached XP level 1. HP: 10/10 MP: 2/2
     0 | D:1      | 0 ||| qw: Version: 0.3-a-160-g6735b56
     0 | D:1      | 0 ||| qw: Game counter: 4370
     0 | D:1      | 0 ||| qw: Melee chars always use a shield: true
     0 | D:1      | 0 ||| qw: God list: Okawaru
     0 | D:1      | 0 ||| qw: Allow faded altars: false
     0 | D:1      | 0 ||| qw: Do Orc after clearing Dungeon:15 true
     0 | D:1      | 0 ||| qw: Do second Lair branch before Depths: true
     0 | D:1      | 0 ||| qw: Lair rune preference: random
     0 | D:1      | 0 ||| qw: Goals: Normal
     0 | D:1      | 0 ||| PLANNING D:1-11
    41 | D:1      | Reached skill level 3 in Dodging
   124 | D:1      | Reached XP level 2. HP: 14/14 MP: 3/3
   524 | D:1      | Reached XP level 3. HP: 18/18 MP: 4/4
   911 | D:1      | 911 ||| READING scroll labelled IXZECV RIHESI.
   912 | D:1      | 912 ||| READING scroll labelled ROCA GITESCH.
   912 | D:1      | 912 ||| IDENTIFYING fizzy yellow potion
   913 | D:1      | 913 ||| DROPPING scroll of butterflies.
   958 | D:2      | Noticed Terence
   971 | D:2      | Killed Terence
   990 | D:2      | Reached XP level 4. HP: 22/22 MP: 5/5
  1002 | D:2      | Found Cogugisa's Weapon Boutique.
  1264 | D:2      | Found an ancient bone altar of Kikubaaqudgha.
  1524 | D:2      | 1524 ||| UPGRADING to +0 cloak.
  1529 | D:2      | 1529 ||| READING 2 scrolls of identify.
  1529 | D:2      | 1529 ||| IDENTIFYING bubbling black potion
  1530 | D:2      | 1530 ||| READING scroll of identify.
  1530 | D:2      | 1530 ||| IDENTIFYING scroll labelled NYUD OREBIWU
  1531 | D:2      | 1531 ||| READING scroll labelled FIRCHA UKKOTEASI.
  1598 | D:3      | Found a runed translucent door.
  1598 | D:3      | You fall into a shaft and drop 3 floors!
  1611 | D:6      | Noticed an ogre
  1620 | D:6      | Killed an ogre
  1621 | D:6      | Reached skill level 6 in Dodging
  1621 | D:6      | Reached XP level 5. HP: 25/25 MP: 6/6
  1622 | D:6      | Found a staircase to the Ecumenical Temple.
  1623 | D:6      | 1623 ||| PLANNING TEMPLE
  1623 | D:6      | 1623 ||| READING scroll labelled VAERHI JUMY.
  1623 | D:6      | 1623 ||| ENCHANTING +0 shortbow.
  1624 | D:6      | 1624 ||| READING scroll labelled EDWU JIRERPHI.
  1633 | Temple   | Entered the Ecumenical Temple
  1634 | Temple   | 1634 ||| PLANNING OKAWARU WORSHIP
  1665 | Temple   | Became a worshipper of Warmaster Okawaru
  1666 | Temple   | 1666 ||| PLANNING D:1-11
  1756 | D:6      | Reached XP level 6. HP: 30/30 MP: 7/7
  1789 | D:6      | Reached skill level 6 in Ranged Weapons
  1833 | D:6      | 1833 ||| READING scroll labelled KAUSEI LUGOTUE.
  1833 | D:6      | 1833 ||| ENCHANTING +0 cloak.
  1840 | D:5      | Entered Level 5 of the Dungeon
  1848 | D:5      | 1848 ||| RETREEEEATING.
  1851 | D:5      | 1851 ||| RETREEEEATING.
  1857 | D:5      | Killed from afar by an orc priest

Levels and vault maps discovered:
D:1:      tarquinn_simple_flora_water_e, layout_basic
D:2:      layout_loops_ring, basic_altar, serial_shops,
          nicolae_shop_statue_plus, chequers_serial_rivers_small_3, uniq_terence
D:3:      layout_loops_ring, lemuel_round_altar,
          hellmonk_ecumenical_altar_arch_garden, serial_shops,
          nicolae_shop_crystal, shop, uniq_crazy_yiuf_cottage
D:5:      layout_basic, gammafunk_temple_overflow_pools, corner_web_ring
D:6:      layout_gridville, minmay_temple_entry_mini_moons,
          minmay_tree_intersection, amethyst_killhole
Temple:   oiseaux_autumnal_temple

Skill      XL: |  1  2  3  4  5  6 |
---------------+-------------------+-----
Dodging        | 3 4 6 |  6.3
Ranged Weapons | 5 6 |  6.1
Fighting       | 2 |  2.0
Stealth        | |  1.5

Action                     |  1- 3 |  4- 6 || total
---------------------------+-------+-------++-------
   Fire: Shortbow          |    83 |    80 ||   163
    Use: Scroll            |     2 |     6 ||     8
 Armour: Robe              |     6 |    10 ||    16
  Dodge: Dodged            |    22 |    32 ||    54

Table legend:
 A = Non-vault XP
 B = Vault XP
 C = Vault XP percentage of total XP
 D = Non-vault monster count
 E = Vault monster count
 F = Vault count percentage of total count
                 A         B        C        D         E       F
            +---------+---------+-------+---------+---------+-------
      Total |     494 |      36 |   6.8 |      63 |       1 |   1.6
            +---------+---------+-------+---------+---------+-------
        D:1 |      53 |       0 |   0.0 |      33 |       0 |   0.0
        D:2 |      48 |      36 |  42.9 |      21 |       1 |   4.5
        D:3 |       5 |       0 |   0.0 |       4 |       0 |   0.0
        D:5 |      43 |       0 |   0.0 |       1 |       0 |   0.0
        D:6 |     345 |       0 |   0.0 |       4 |       0 |   0.0
            +---------+---------+-------+---------+---------+-------
